AoeStats
← danicick

Arabian Desert

510111376Analyzed
1v1 RM · 3d ago on Sep 29, 2026· 21m 9s· 2 players
Game mode
Random Map
Map size
Tiny (2 player)
Population
200
Speed
Normal
Resources
Standard
Victory
Conquest
Starting age
Dark Age
Ending age
Imperial Age
RankedLock teamsTeams togetherTeam positionsShared explorationLock speedFull tech treeHidden civsTurbo modeCheats
Victory
Defeat
🇹🇼 Teutons · Taiwan
929
+17
🇦🇷 Byzantines · Argentina
958
-50
danicick
3:04 Loom
11:26 Feudal Age
12:52 Wheelbarrow
12:05 Double-Bit Axe
15:31 Gold Mining
18:17 Castle Age
16:34 Forging
17:02 Bloodlines
17:09 Horse Collar
19:03 Scale Barding Armor
21:07 Bow Saw
ijhanna
6:01 Loom
13:53 Feudal Age
15:16 Double-Bit Axe
Connection lost

Rejoining the realm…

Still unreachable

The connection could not be restored.

Session expired

The server has moved on; the page needs a fresh start.